AoeStats
← Mrachnyy

Yucatan

510323653Analyzed
4v4 RM · 20h ago on Sep 30, 2026· 34m 25s· 8 players
Game mode
Random Map
Map size
Large (8 player)
Population
200
Speed
Normal
Resources
Standard
Victory
Conquest
Starting age
Dark Age
Ending age
Imperial Age
RankedLock teamsTeams togetherTeam positionsShared explorationLock speedFull tech treeHidden civsTurbo modeCheats
Victory
Defeat
🇨🇳 Ethiopians · China
1337
+11
🇨🇳 Huns · China
1241
+14
🇨🇴 Mongols · Colombia
1154
+18
🇨🇳 Poles · China
1153
+18
🇳🇱 Franks · Netherlands
1244
-17
🇺🇸 Britons · United States
1224
-16
🇮🇹 Slavs · Italy
1199
-15
🇹🇷 Bohemians · Türkiye
1157
-13
Kryptonknight
11:41 Feudal Age
15:33 Castle Age
16:22 Double-Bit Axe
16:18 Horse Collar
18:30 Loom
18:59 Fletching
20:15 Bodkin Arrow
25:15 Bow Saw
27:43 Wheelbarrow
28:29 Town Watch
31:36 Padded Archer Armor
33:20 Ballistics
HuLB
9:30 Feudal Age
10:10 Double-Bit Axe
11:15 Horse Collar
18:04 Loom
23:35 Castle Age
26:18 Husbandry
26:48 Gold Mining
28:44 Bloodlines
29:07 Scale Barding Armor
29:13 Forging
30:45 Chain Barding Armor
prsdntsdghtr
8:26 Loom
10:19 Feudal Age
11:57 Feudal Age
17:10 Castle Age
15:00 Double-Bit Axe
17:06 Wheelbarrow
20:06 Gold Mining
21:08 Bow Saw
21:25 Hand Cart
21:11 Gold Mining
24:27 Gold Shaft Mining
23:45 Stone Mining
Mrachnyy
11:27 Feudal Age
15:42 Castle Age
13:51 Loom
13:54 Double-Bit Axe
18:20 Chemistry
20:21 Wheelbarrow
20:16 Horse Collar
29:45 Imperial Age
27:31 Hand Cart
34:58 Conscription
34:37 Town Watch
Ansscar
3:28 Loom
9:02 Feudal Age
9:53 Double-Bit Axe
13:33 Scale Barding Armor
13:59 Bloodlines
14:38 Forging
17:18 Gold Mining
17:19 Stone Mining
17:20 Horse Collar
25:19 Castle Age
26:30 Husbandry
26:55 Chain Barding Armor
28:14 Bow Saw
33:23 Iron Casting
34:34 Fletching
35:32 Wheelbarrow
459397317
4:41 Loom
8:37 Loom
11:08 Feudal Age
12:11 Double-Bit Axe
15:29 Castle Age
15:43 Scale Barding Armor
15:49 Forging
21:58 Horse Collar
23:57 Iron Casting
24:51 Bloodlines
25:43 Wheelbarrow
26:18 Husbandry
26:34 Heavy Plow
27:42 Chain Barding Armor
31:35 Hand Cart
35:00 Imperial Age
33:51 Bow Saw
641627092
5:01 Loom
9:50 Feudal Age
10:50 Double-Bit Axe
12:06 Gold Mining
18:18 Fletching
18:29 Padded Archer Armor
27:13 Castle Age
25:07 Stone Mining
28:06 Bodkin Arrow
28:26 Leather Archer Armor
28:18 Thumb Ring
28:58 Gold Shaft Mining
29:02 Stone Shaft Mining
28:01 Crossbowman
29:47 Wheelbarrow
29:55 Ballistics
33:27 Hand Cart
哈撒韦
8:35 Loom
10:20 Feudal Age
11:39 Double-Bit Axe
14:32 Castle Age
17:10 Bow Saw
17:56 Wheelbarrow
17:21 Horse Collar
29:25 Scale Barding Armor
30:09 Bloodlines
31:31 Gold Mining
32:12 Hand Cart
34:37 Imperial Age
32:17 Husbandry
32:27 Heavy Plow
33:40 Chain Barding Armor
33:30 Forging
33:42 Masonry
Connection lost

Rejoining the realm…

Still unreachable

The connection could not be restored.

Session expired

The server has moved on; the page needs a fresh start.